Map: Pogranicze ER

Players

Gerald - Winner!

  • Race: Protoss Protoss
  • Spawn Location: 11:00

TLO

  • Race: Zerg Zerg
  • Spawn Location: 5:00

Event: IEM Season 12 - Katowice

VOD

Have the link to the VOD?

Description

Time

  • Played on: Feb. 27, 2018, 10:04 a.m.
  • Length: 16:58

All games in this series

Show
View Real Time Build Order
Export as new Build Order

Gerald Protoss - Winner!

Build Orders: 1 Gate Expand, Oracle Opening, Phoenix Opening, Carriers 

Get SALT Encoding   

  12  0:00  Probe  
  13  0:12  Probe  
  14  0:20  Pylon  
  14  0:24  Probe  
  15  0:36  Assimilator  
  15  0:38  Probe (Chrono Boost)  
  16  0:44  Gateway  
  16  0:48  Probe (Chrono Boost)  
  17  0:54  Probe  
  18  1:06  Probe  
  19  1:18  Probe  
  20  1:26  Nexus  
  20  1:30  Probe  
  21  1:38  Cybernetics Core  
  21  1:42  Probe  
  22  1:47  Assimilator  
  22  1:53  Pylon  
  22  1:55  Probe  
  23  2:11  Probe  
  23  2:12  Adept (Chrono Boost)  
  26  2:19  Stargate  
  26  2:23  Probe  
  27  2:32  Adept (Chrono Boost)  
  27  2:35  Probe  
  30  2:39  Probe  
  31  2:44  Pylon  
  31  2:48  Probe  
  31  2:49  Warp Gate  
  33  2:51  Probe  
  33  2:52  Adept (Chrono Boost)  
  35  3:00  Probe  
  35  3:03  Probe  
  37  3:06  Phoenix  
  37  3:12  Probe  
  40  3:13  Gateway  
  40  3:16  Probe  
  41  3:24  Probe  
  41  3:26  Assimilator  
  42  3:28  Probe  
  42  3:29  Assimilator  
  42  3:34  Oracle  
  46  3:42  Pylon  
  46  4:00  Probe x2  
  46  4:12  Probe x2  
  48  4:18  Stargate  
  48  4:20  Stargate  
  46  4:24  Probe x2  
  46  4:27  Nexus  
  48  4:33  Pylon, Oracle (Chrono Boost)  
  48  4:36  Probe x2  
  53  4:39  Shield Battery  
  53  4:43  Pylon  
  53  4:48  Probe x2  
  53  4:52  Adept  
  55  4:55  Pylon  
  55  4:59  Oracle (Chrono Boost)  
  55  5:00  Probe x2  
  60  5:08  Pylon  
  60  5:11  Pylon  
  60  5:12  Probe  
  60  5:13  Oracle (Chrono Boost)  
  64  5:18  Oracle (Chrono Boost)  
  64  5:19  Probe  
  68  5:34  Probe  
  72  5:35  Oracle (Chrono Boost)  
  72  5:37  Probe  
  72  5:39  Gateway  
  72  5:40  Gateway  
  72  5:42  Probe, Forge  
  74  5:45  Assimilator  
  74  5:47  Assimilator  
  74  5:48  Probe  
  75  5:50  Oracle (Chrono Boost)  
  75  5:52  Probe  
  75  5:54  Probe  
  80  6:00  Probe  
  80  6:01  Adept x2  
  85  6:04  Probe  
  85  6:05  Oracle (Chrono Boost)  
  85  6:06  Probe  
  90  6:12  Probe  
  90  6:17  Probe, Pylon  
  90  6:18  Probe, Oracle (Chrono Boost)  
  95  6:24  Probe  
  97  6:29  Probe, Oracle  
  97  6:30  Probe  
  98  6:32  Stalker  
  98  6:36  Probe  
  98  6:37  Adept  
  103  6:41  Probe  
  104  6:51  Probe  
  102  6:55  Probe  
  100  7:05  Probe  
  100  7:06  Oracle x2  
  104  7:12  Probe  
  102  7:16  Probe  
  102  7:18  Probe  
  102  7:19  Fleet Beacon  
  104  7:24  Zealot x2  
  104  7:25  Probe  
  104  7:28  Pylon  
  109  7:30  Pylon, Twilight Council  
  109  7:33  Pylon  
  109  7:35  Pylon  
  109  7:37  Nexus  
  109  7:38  Pylon  
  109  7:44  Oracle (Chrono Boost)  
  109  7:46  Probe  
  109  7:50  Probe, Oracle (Chrono Boost)  
  113  7:56  Probe  
  120  7:59  Charge  
  120  8:01  Oracle (Chrono Boost)  
  120  8:04  Nexus  
  120  8:07  Protoss Ground Weapons Level 1 (Chrono Boost)  
  120  8:10  Probe  
  121  8:14  Probe, Oracle  
  121  8:17  Probe  
  121  8:18  Assimilator  
  126  8:21  Gateway x2  
  126  8:22  Assimilator  
  126  8:25  Adept x4, Pylon  
  126  8:26  Probe  
  135  8:27  Probe  
  135  8:29  Photon Cannon  
  135  8:30  Probe, Photon Cannon  
  135  8:31  Gateway  
  135  8:32  Gateway  
  143  8:38  Probe  
  143  8:40  Probe  
  143  8:41  Pylon  
  145  8:42  Pylon  
  142  9:01  Carrier (Chrono Boost)  
  142  9:05  Probe  
  142  9:08  Carrier x2 (Chrono Boost)  
  152  9:24  Probe  
  152  9:27  Photon Cannon  
  152  9:28  Mothership  
  152  9:30  Photon Cannon  
  153  9:31  Graviton Catapult (Chrono Boost)  
  153  9:32  Photon Cannon  
  153  9:33  Photon Cannon  
  153  9:35  Photon Cannon  
  153  9:37  Pylon  
  153  9:38  Zealot x4  
  157  9:45  Zealot x3  
  165  9:52  Protoss Air Weapons Level 1  
  167  10:06  Templar Archives  
  173  10:08  Carrier (Chrono Boost), Nexus  
  173  10:09  Pylon  
  173  10:13  Carrier (Chrono Boost), Phoenix (Chrono Boost)  
  181  10:25  Protoss Ground Weapons Level 2 (Chrono Boost)  
  181  10:36  Robotics Facility  
  181  10:38  Photon Cannon  
  181  10:41  Photon Cannon  
  181  10:42  Shield Battery  
  181  10:45  Shield Battery  
  187  10:50  Carrier (Chrono Boost)  
  187  10:55  Stalker  
  189  11:16  Carrier (Chrono Boost)  
  187  11:21  Carrier (Chrono Boost), Zealot  
  187  11:22  Zealot  
  187  11:23  Zealot x6  
  180  11:44  Zealot x8  
  169  11:52  Protoss Air Weapons Level 2 (Chrono Boost)  
  167  11:56  Observer  
  167  12:01  Probe  
  152  12:02  Probe x2  
  152  12:07  High Templar x5  
  152  12:08  High Templar x2  
  169  12:09  Probe  
  169  12:11  Psionic Storm  
  170  12:28  Probe  
  170  12:29  Carrier (Chrono Boost)  
  171  12:30  Nexus  
  171  12:32  Photon Cannon  
  177  12:37  Photon Cannon, Assimilator  
  177  12:39  Assimilator  
  177  12:40  Photon Cannon  
  177  12:42  Probe, Pylon, Shield Battery x2  
  176  12:46  Photon Cannon  
  176  12:57  Zealot  
  184  13:00  Carrier (Chrono Boost)  
  190  13:21  Protoss Shields Level 1 (Chrono Boost)  
  190  13:22  Carrier (Chrono Boost)  
  190  13:24  Cybernetics Core  
  189  13:30  Photon Cannon  
  189  13:32  Photon Cannon  
  189  13:34  Photon Cannon  
  185  13:38  Photon Cannon  
  185  13:40  Photon Cannon  
  185  13:42  Photon Cannon  
  185  13:45  Photon Cannon  
  185  13:47  Stargate  
  185  13:48  Stargate  
  191  13:55  Carrier (Chrono Boost)  
  191  14:15  Observer (Chrono Boost)  
  189  14:19  Carrier (Chrono Boost)  
  189  14:22  Protoss Air Armor Level 1 (Chrono Boost)  
  183  14:25  Mothership (Chrono Boost)  
  183  14:30  High Templar x2  
  169  14:31  High Templar x2  
  179  14:40  Zealot x4  
  179  14:42  Carrier (Chrono Boost)  
  187  14:57  Probe  
  188  15:03  Zealot x5  
  198  15:15  Observer  
  195  15:40  Carrier (Chrono Boost)  
  195  15:58  Nexus  
  195  15:59  Pylon  
  195  16:02  Assimilator  
  195  16:06  Assimilator  
  191  16:17  Pylon  
  199  16:35  Photon Cannon  
  199  16:36  High Templar  
  199  16:37  Photon Cannon  
  199  16:40  Photon Cannon  
  199  16:41  Photon Cannon  
  199  16:42  Shield Battery  
  199  16:44  Pylon  
  199  16:46  Shield Battery  
  196  16:49  Archon  
  196  16:50  Archon  
  198  16:54  Zealot  
Show
View Real Time Build Order
Export as new Build Order

TLO Zerg 

Build Orders: Hatch First 

Get SALT Encoding   

  12  0:00  Drone  
  13  0:12  Overlord  
  13  0:17  Drone  
  14  0:30  Drone  
  14  0:31  Drone  
  16  0:48  Hatchery  
  15  0:51  Drone  
  15  0:55  Drone  
  17  1:10  Spawning Pool  
  16  1:13  Drone  
  16  1:17  Drone  
  18  1:22  Drone  
  19  1:29  Drone  
  20  1:39  Overlord  
  20  1:43  Extractor  
  20  1:54  Drone  
  20  1:56  Queen  
  20  2:01  Queen  
  22  2:02  Drone x2  
  26  2:10  Drone  
  26  2:13  Drone  
  28  2:22  Zergling x2  
  29  2:24  Drone  
  30  2:32  Queen, Zergling x2  
  33  2:40  Overlord  
  33  2:42  Drone  
  34  2:48  Drone  
  35  2:53  Hatchery  
  35  2:54  Drone  
  35  2:55  Drone  
  36  3:02  Metabolic Boost  
  36  3:06  Drone x2  
  36  3:08  Drone x2  
  40  3:14  Overlord  
  40  3:15  Zergling x2  
  40  3:17  Zergling x2  
  40  3:19  Zergling x2  
  43  3:27  Overlord  
  43  3:29  Spore Crawler  
  43  3:30  Spore Crawler  
  43  3:32  Drone x2  
  43  3:37  Drone  
  44  3:42  Drone  
  44  3:44  Drone  
  44  3:45  Drone  
  44  3:46  Drone  
  44  3:47  Spore Crawler, Drone  
  48  3:48  Drone  
  48  3:50  Drone  
  48  3:52  Drone  
  48  3:55  Drone  
  52  4:02  Spore Crawler  
  50  4:08  Drone  
  50  4:09  Drone  
  50  4:10  Drone x2  
  50  4:13  Drone  
  50  4:15  Drone  
  50  4:16  Drone  
  55  4:17  Drone  
  55  4:18  Drone x2  
  58  4:24  Overlord  
  58  4:27  Overlord  
  58  4:30  Evolution Chamber  
  57  4:34  Drone  
  57  4:35  Lair  
  57  4:38  Overlord  
  58  4:43  Drone  
  58  4:48  Drone  
  58  4:49  Drone x9  
  58  4:52  Extractor x2  
  67  4:53  Extractor  
  67  4:58  Drone x2  
  67  4:59  Drone  
  67  5:00  Drone  
  67  5:01  Extractor  
  67  5:02  Zerg Missile Weapons Level 1  
  67  5:03  Drone, Extractor  
  67  5:05  Drone  
  67  5:06  Drone  
  69  5:11  Drone  
  70  5:15  Drone x2  
  70  5:19  Drone  
  70  5:20  Roach Warren  
  72  5:22  Drone  
  72  5:23  Drone  
  72  5:24  Drone  
  72  5:27  Drone  
  76  5:31  Pneumatized Carapace  
  76  5:33  Overlord  
  76  5:36  Hydralisk Den  
  76  5:37  Overseer  
  76  5:42  Hatchery  
  74  5:43  Overlord  
  74  5:44  Drone  
  74  5:45  Drone  
  74  5:46  Drone  
  74  5:47  Zergling x2  
  74  5:49  Zergling x2  
  79  5:51  Zergling x4  
  79  5:53  Zergling x4  
  79  5:56  Zergling x2  
  84  5:57  Overseer  
  84  5:58  Zergling x4  
  84  6:01  Roach  
  84  6:03  Roach  
  90  6:06  Hydralisk, Grooved Spines  
  90  6:07  Hydralisk  
  93  6:13  Overlord  
  93  6:15  Hydralisk  
  93  6:18  Overlord  
  95  6:20  Drone  
  95  6:21  Overlord  
  95  6:22  Overlord  
  95  6:24  Overlord  
  96  6:27  Overlord  
  96  6:29  Overlord  
  95  6:36  Overlord  
  95  6:37  Overlord  
  95  6:39  Hydralisk x4  
  95  6:42  Spore Crawler  
  95  6:46  Spore Crawler x2, Hydralisk  
  100  6:50  Hydralisk  
  99  6:57  Hydralisk  
  99  6:59  Hydralisk  
  95  7:03  Drone  
  95  7:06  Drone x2  
  88  7:09  Drone  
  88  7:13  Drone  
  85  7:17  Drone  
  86  7:24  Infestation Pit  
  86  7:27  Spore Crawler  
  86  7:28  Spore Crawler  
  86  7:29  Drone x2  
  85  7:32  Spore Crawler  
  85  7:33  Hydralisk  
  85  7:36  Hydralisk  
  88  7:38  Hydralisk  
  88  7:41  Hydralisk  
  92  7:45  Hydralisk  
  92  7:46  Hydralisk  
  92  7:49  Hydralisk  
  97  7:51  Hydralisk  
  97  7:53  Overlord  
  97  7:54  Drone  
  97  7:57  Drone  
  101  7:59  Spore Crawler  
  101  8:05  Pathogen Glands  
  94  8:06  Drone  
  94  8:08  Overseer  
  94  8:12  Spore Crawler  
  94  8:19  Muscular Augments  
  94  8:24  Drone x4  
  94  8:25  Drone x7  
  105  8:34  Queen  
  105  8:35  Infestor x2  
  105  8:37  Infestor  
  105  8:39  Infestor  
  115  8:46  Infestor x2  
  116  8:54  Hydralisk  
  116  8:55  Hydralisk  
  120  8:56  Hydralisk  
  120  8:57  Spore Crawler  
  120  9:01  Drone  
  120  9:02  Drone  
  123  9:03  Extractor  
  123  9:04  Extractor, Zergling x4  
  123  9:06  Drone  
  123  9:07  Overlord  
  124  9:10  Neural Parasite  
  124  9:13  Spore Crawler  
  123  9:20  Infestor  
  125  9:25  Drone  
  125  9:26  Drone x2  
  125  9:27  Hydralisk x2, Burrow  
  125  9:31  Queen  
  132  9:32  Hydralisk  
  132  9:33  Hydralisk  
  132  9:37  Spore Crawler  
  137  9:38  Spore Crawler, Hydralisk  
  137  9:42  Hydralisk x2  
  137  9:45  Hydralisk  
  144  9:48  Hydralisk  
  144  9:50  Hydralisk  
  148  9:54  Zergling x2  
  148  9:55  Infestor  
  148  9:57  Zergling x4  
  148  9:59  Overlord  
  153  10:01  Zergling x2  
  153  10:02  Zergling x2  
  153  10:04  Infestor  
  153  10:06  Zergling x2  
  158  10:12  Drone  
  158  10:13  Drone x2  
  161  10:20  Infestor x2  
  165  10:25  Drone  
  165  10:26  Drone, Spore Crawler  
  165  10:27  Spore Crawler x3, Infestor  
  165  10:35  Hydralisk  
  165  10:38  Hydralisk  
  169  10:45  Queen  
  169  10:46  Queen  
  169  10:47  Roach  
  169  10:48  Drone  
  176  10:54  Spore Crawler, Hydralisk x2  
  179  10:59  Overseer, Hydralisk  
  179  11:00  Hydralisk  
  179  11:01  Hatchery  
  179  11:02  Hydralisk  
  180  11:09  Overseer  
  180  11:10  Hydralisk  
  180  11:11  Hydralisk  
  179  11:19  Hydralisk x2  
  179  11:20  Hydralisk x2  
  179  11:22  Infestor x10, Hydralisk  
  179  11:24  Hydralisk x2  
  169  11:36  Hydralisk x2  
  169  11:37  Hydralisk x4  
  171  11:44  Hydralisk  
  171  11:45  Hydralisk  
  171  11:46  Hydralisk x2  
  170  11:47  Infestor x10  
  170  11:48  Hydralisk  
  170  11:50  Zergling x2  
  168  12:02  Overlord x3  
  168  12:06  Zerg Missile Weapons Level 2  
  166  12:08  Overlord x2  
  166  12:11  Overlord x2  
  166  12:12  Overlord  
  166  12:14  Overlord  
  166  12:16  Overlord  
  166  12:32  Infestor x7  
  180  12:38  Overseer  
  180  12:40  Overlord, Zergling x2  
  180  12:43  Overseer, Zergling x2  
  182  12:46  Zergling x2  
  182  12:51  Spire  
  182  12:53  Drone, Overseer x2  
  182  12:56  Zergling x2  
  184  13:01  Drone  
  184  13:03  Evolution Chamber  
  184  13:06  Zergling x2  
  184  13:08  Queen  
  185  13:15  Overseer x2  
  185  13:17  Infestor x14, Hydralisk x2  
  185  13:18  Infestor x2  
  188  13:23  Queen, Zergling x2  
  191  13:27  Hatchery  
  191  13:29  Infestor x3  
  191  13:30  Infestor x11  
  191  13:32  Overlord  
  191  13:33  Overlord  
  190  13:39  Zergling x2  
  191  13:41  Infestor  
  159  14:13  Hydralisk  
  157  14:22  Zergling x4  
  157  14:24  Hydralisk x5  
  155  14:25  Hydralisk x3  
  155  14:26  Hydralisk x4  
  155  14:27  Hydralisk x3  
  185  14:32  Queen x2  
  185  14:34  Queen x2  
  192  14:42  Overseer  
  186  14:48  Infestor  
  186  14:49  Infestor x4  
  186  14:51  Zergling x2  
  193  14:55  Overlord x4  
  193  15:02  Zerg Flyer Armor Level 1  
  193  15:03  Overlord x4  
  193  15:04  Overlord  
  193  15:21  Overlord  
  193  15:25  Infestor  
  193  15:26  Infestor x2  
  193  15:27  Extractor x2  
  197  15:33  Drone  
  197  15:35  Hive  
  195  15:39  Drone x2  
  197  15:43  Overseer  
  197  15:44  Overseer  
  197  15:50  Infestor  
  197  15:55  Hydralisk  
  199  15:57  Infestor x15  

Tags
 
Add a new tag
Caveats
  • Supply blocks, unpowered buildings, or Contaminate may cause inaccurate times.
  • Supply counts are checked every 10 seconds.